 Dungeon Crawl Stone Soup version 0.17-a0-2118-g63bad21 (webtiles) character file.

10583 brucemayne the Severer (level 11, -11/81 HPs)
             Began as a Demonspawn Berserker on Oct 20, 2015.
             Was an Elder of Trog.
             Mangled by an orc warrior
             ... wielding a +0 glaive
              (18 damage)
             ... on level 4 of the Orcish Mines.
             The game lasted 00:33:55 (5126 turns).

brucemayne the Severer (Demonspawn Berserker)       Turns: 5126, Time: 00:33:56

Health: -11/81     AC: 11    Str: 22    XL:     11   Next: 38%
Magic:  0/11       EV:  7    Int:  8    God:    Trog [****..]
Gold:   1707       SH:  0    Dex: 12    Spells: 0 memorised, 10 levels left

rFire  . . .     SeeInvis +     L - +0 war axe
rCold  . . .     Clarity  .     p - +0 plate armour (curse)
rNeg   . . .     SustAt   .     (no shield)
rPois  .         Gourm    .     (helmet unavailable)
rElec  .         Spirit   +     (no cloak)
rCorr  .         Warding  .     (no gloves)
rMut   .         Stasis   .     (no boots)
MR     +....                    (no amulet)
Stlth  ..........               w - ring of flight
                                F - ring of protection from magic

@: somewhat resistant to hostile enchantments, extremely unstealthy
A: antennae 3, claws 2, talons 1, demonic guardian 1, magic shield, magic
regeneration
a: Berserk, Trog's Hand, Brothers in Arms, Burn Spellbooks, Renounce Religion,
Evoke Flight


You were on level 4 of the Orcish Mines.
You worshipped Trog.
Trog was greatly pleased with you.
You were hungry.

You visited 2 branches of the dungeon, and saw 16 of its levels.
You also visited: Bailey.

You collected 1707 gold pieces.

Inventory:

Hand Weapons
 a - a +0 hand axe
 g - a +5 blowgun
 z - a +0 broad axe
 E - a +2 hand axe of venom
 I - a +0 blowgun
 L - a +0 war axe (weapon)
Missiles
 q - 37 tomahawks (quivered)
 H - 8 poisoned needles
 N - 7 exploding tomahawks
Armour
 b - a +0 animal skin
 e - a +0 ring mail
 p - a cursed +0 plate armour (worn)
 s - a +0 scale mail
 u - a +0 scale mail
 G - a +1 shield of poison resistance
 M - a +0 scale mail of poison resistance
Jewellery
 r - a +4 ring of intelligence
 v - an uncursed ring of teleportation
 w - a ring of flight (right claw)
 F - a ring of protection from magic (left claw)
Wands
 k - a wand of magic darts (18)
 n - a wand of paralysis (4)
 o - a wand of digging (8)
 x - a wand of random effects (30)
 C - a wand of cold (2)
 D - a wand of draining (0)
Scrolls
 j - a scroll of identify
 m - a scroll of enchant weapon {unknown}
 y - a scroll of enchant armour {unknown}
 A - 3 scrolls of teleportation
 B - 3 scrolls of vulnerability {unknown}
Potions
 d - a potion of flight {unknown}
 h - a potion of might {unknown}
 i - a potion of mutation
Comestibles
 c - 2 bread rations
 f - 5 meat rations
 t - 4 fruits
 J - a royal jelly


   Skills:
 - Level 6.0 Fighting
 + Level 15.0 Axes
 + Level 3.2 Armour
 - Level 1.7 Dodging


You had 10 spell levels left.
You didn't know any spells.

Dungeon Overview and Level Annotations

Branches:
Dungeon (12/15)               Orc (4/4) D:12            Elf (0/3) Orc:3
 Temple: D:4-7         Lair: D:8-11

Altars:
Ashenzari
Elyvilon
Gozag
Makhleb
Nemelex Xobeh
Okawaru
Qazlal
Sif Muna
Trog
Vehumet
Xom
Yredelemnul
The Shining One

Shops:
Orc:1 (


Innate Abilities, Weirdness & Mutations

You have a pair of large antennae on your head (SInv).
You have very sharp fingernails.
You have sharp toenails.
A weak demonic guardian rushes to your aid.
When hurt, damage is shared between your health and your magic reserves.
You regenerate magic rapidly.


Message History

You kill the orc!
Trog accepts your kill.
Unknown command.
You hit the orc warrior.
The orc warrior is heavily wounded.
Your plate armour prevents you from hitting the orc.
The orc warrior hits you with a glaive!
* * * LOW HITPOINT WARNING * * *
The orc barely misses you.
Unknown command.
You closely miss the orc warrior.
You claw the orc warrior, but do no damage.
The orc warrior is heavily wounded.
You closely miss the orc.
Unknown command.
You barely miss the orc warrior. Your kick misses the orc warrior.
The orc warrior is heavily wounded.
You barely miss the orc. The orc closely misses you.
The orc warrior hits you with a glaive!!
You die...

......###..........# ##
.....###..........## .#
)...####.......#.#####.# { {
[..##........######....#
...#........####......# {
)..........###........########+##
..........###..........#.....#...
.........##)......<....#.....#.#
........#...))..@).....#..⌠..'.#{
............)#..oo....)#.....#.{o
..............#..).....#{[)).#.#.
..............###...)).###'###.#
...........##..###...))......#.#
...#####..####..##.))).......#.+
.8 { #### #####.........##.#
###.......# +# #......$#


You could see an orc warrior and an orc.

Vanquished Creatures
  A cyclops (D:12)
  An orc knight (Bailey)
  2 orc sorcerers (Orc:2)
  A centaur zombie (D:11)
  A troll (D:11)
  4 two-headed ogres (Orc:4)
  5 yaks (D:11)
  A warg (Orc:2)
  A wolf (Orc:3)
  29 orc warriors
  A black bear (D:8)
  7 ogres
  2 ice beasts
  An eye of draining (D:12)
  A crocodile (D:9)
  A centaur (D:8)
  3 big kobolds
  3 giant frogs
  6 killer bees (D:8)
  A scorpion (D:8)
  12 orc priests
  A giant frog zombie (D:12)
  A hound (D:10)
  A jelly (D:12)
  A quasit (D:8)
  25 orc wizards
  A gnoll shaman (D:8)
  Terence (D:2)
  5 worker ants
  A killer bee zombie (D:8)
  A hound zombie (D:11)
  A hound skeleton (D:5)
  6 gnolls (D:8)
  9 adders
  2 shadow imps
  An ooze (D:6)
  2 worms
  113 orcs
  A ball python (D:2)
  2 bats
  5 hobgoblins
  23 kobolds
  4 quokkas
  A giant cockroach (D:1)
  3 giant geckos
  4 giant newts
  5 goblins
  A rat (D:2)
  A butterfly (D:7)
306 creatures vanquished.

Vanquished Creatures (collateral kills)
  A centaur zombie (D:12)
  A yak (D:11)
  A hippogriff (D:11)
  An orc warrior (Bailey)
  A giant frog (D:8)
  A hound (D:10)
  2 orc wizards
  A giant gecko (D:8)
  9 orcs
  A kobold (D:10)
  A quokka (D:7)
20 creatures vanquished.

Vanquished Creatures (others)
  An orc (Orc:2)
1 creature vanquished.

Grand Total: 327 creatures vanquished

Notes
Turn   | Place    | Note
--------------------------------------------------------------
     0 | D:1      | brucemayne the Demonspawn Berserker began the quest for the Orb.
     0 | D:1      | Reached XP level 1. HP: 18/18 MP: 1/1
   190 | D:2      | Gained mutation: You have a pair of small antennae on your head. [demonic ancestry]
   190 | D:2      | Reached XP level 2. HP: 14/24 MP: 2/2
   191 | D:2      | Noticed Terence
   205 | D:2      | Killed Terence
   205 | D:2      | Gained mutation: You have a pair of antennae on your head. [demonic ancestry]
   205 | D:2      | Reached XP level 3. HP: 21/29 MP: 3/3
   247 | D:2      | Reached skill level 4 in Axes
   525 | D:3      | Reached XP level 4. HP: 31/35 MP: 4/4
   560 | D:3      | Found a deep blue altar of Sif Muna.
   641 | D:3      | Found a radiant altar of Vehumet.
   669 | D:3      | Found an iron altar of Okawaru.
   670 | D:3      | Found a stormy altar of Qazlal.
   691 | D:3      | Reached ** piety under Trog
   744 | D:4      | Found a burning altar of Makhleb.
   749 | D:4      | Reached skill level 5 in Axes
   837 | D:4      | Gained mutation: You have sharp toenails. [demonic ancestry]
   837 | D:4      | Reached XP level 5. HP: 41/41 MP: 5/5
   864 | D:4      | Found a white marble altar of Elyvilon.
   935 | D:4      | Found a sparkling altar of Nemelex Xobeh.
   935 | D:4      | Found an opulent altar of Gozag.
   972 | D:3      | Found a basalt altar of Yredelemnul.
   984 | D:3      | Found a bloodstained altar of Trog.
  1036 | D:4      | Found a shattered altar of Ashenzari.
  1042 | D:5      | Entered Level 5 of the Dungeon
  1194 | D:5      | Reached skill level 6 in Axes
  1214 | D:6      | Noticed an ogre
  1223 | D:7      | Gained mutation: A weak demonic guardian rushes to your aid. [demonic ancestry]
  1223 | D:7      | Reached XP level 6. HP: 21/47 MP: 6/6
  1407 | D:7      | Found a glowing golden altar of the Shining One.
  1431 | D:7      | Found a shimmering altar of Xom.
  1459 | D:7      | Reached skill level 7 in Axes
  1528 | D:7      | Noticed an ice beast
  1539 | D:7      | Killed an ice beast
  1539 | D:7      | Gained mutation: You have a pair of large antennae on your head (SInv). [demonic ancestry]
  1539 | D:7      | Reached XP level 7. HP: 35/52 MP: 7/7
  1658 | D:6      | Noticed an ice beast
  1673 | D:6      | Killed an ice beast
  1846 | D:8      | Reached skill level 8 in Axes
  2139 | D:8      | Gained mutation: When hurt, damage is shared between your health and your magic reserves. [demonic ancestry]
  2139 | D:8      | Reached XP level 8. HP: 58/58 MP: 8/8
  2161 | D:8      | Reached skill level 9 in Axes
  2224 | D:8      | HP: 2/58 [poisoned by a killer bee]
  2367 | D:10     | Entered Level 10 of the Dungeon
  2387 | D:10     | Reached skill level 10 in Axes
  2509 | D:11     | Noticed a troll
  2512 | D:11     | Noticed a centaur zombie
  2525 | D:11     | Reached skill level 11 in Axes
  2525 | D:11     | Gained mutation: You have sharp fingernails. [demonic ancestry]
  2525 | D:11     | Reached XP level 9. HP: 57/63 MP: 5/9
  2637 | D:11     | Killed a troll
  2647 | D:11     | Reached *** piety under Trog
  2650 | D:11     | Killed a centaur zombie
  2650 | D:11     | Reached skill level 12 in Axes
  2815 | D:12     | Noticed a centaur zombie
  2827 | D:12     | Killed a centaur zombie
  2833 | D:12     | Noticed a cyclops
  2841 | D:12     | Killed a cyclops
  2902 | D:12     | Reached skill level 13 in Axes
  2902 | D:12     | Gained mutation: You have very sharp fingernails. [demonic ancestry]
  2902 | D:12     | Reached XP level 10. HP: 56/70 MP: 4/10
  3073 | D:12     | Found a staircase to the Orcish Mines.
  3086 | Orc:1    | Entered Level 1 of the Orcish Mines
  3086 | Orc:1    | Found Zusayh's Antique Weapon Boutique.
  3150 | Orc:1    | Reached **** piety under Trog
  3193 | Orc:2    | Noticed an orc sorcerer
  3340 | Orc:2    | Killed an orc sorcerer
  3391 | Orc:1    | Received a gift from Trog
  3471 | Orc:2    | Reached skill level 5 in Fighting
  3602 | Orc:3    | Found a flagged portal.
  3641 | Bailey   | Entered a bailey
  3647 | Bailey   | Noticed an orc knight
  3688 | Bailey   | Killed an orc knight
  3744 | Bailey   | Reached skill level 14 in Axes
  3965 | Orc:4    | Entered Level 4 of the Orcish Mines
  4018 | Orc:2    | Noticed an orc warlord
  4048 | Orc:3    | Gained mutation: You regenerate magic rapidly. [demonic ancestry]
  4048 | Orc:3    | Reached XP level 11. HP: 42/81 MP: 3/11
  4101 | Orc:3    | Found a staircase to the Elven Halls.
  4238 | Orc:3    | Noticed an orc knight
  4391 | Orc:2    | Found a shimmering altar of Xom.
  4391 | Orc:2    | Noticed an orc sorcerer
  4397 | Orc:2    | Killed an orc sorcerer
  4825 | Orc:4    | Reached skill level 15 in Axes
  5095 | Orc:4    | Noticed an orc knight
  5126 | Orc:4    | Mangled by an orc warrior

Vault maps used:
D:1:      evilmike_arrival_crescent, hangedman_decor_lopped
D:2:      uniq_terence
D:3:      led_sif_book, vehumet_altar_wand_db, gammafunk_temple_overflow_statue,
          grunt_temple_overflow_open, first_bread
D:4:      grunt_temple_overflow_opulence, elyvilon_altar_4, bloody_makhleb,
          lemuel_doored_altar, kennysheep_small_square
D:5:      minmay_temple_entry_mist, corexii_shack
D:6:      minmay_curled_crystal
D:7:      xom_butterflies, tso_metal_star
D:8:      kennysheep_orc_sif_temple
D:9:      david_lair_generic
D:10:     serial_shops, shop, uniq_erica
D:11:     blue_anna_alchemist, eino_tiny_chamber, hangedman_abyss_or_decor_stabs
D:12:     david_orc_4, uniq_nessos, uniq_nergalle
Orc:1:    serial_shops, nicolae_shop_competitors_out_of_business
Orc:2:    basic_altar, mines5_lemuel
Orc:3:    nicolae_volcano_entry_batcave, enter_bailey_1, nicolae_orc_pool_cavern
Orc:4:    pubby_orc_utopia
Bailey:   bailey_polearm_4, bailey

Action                   |  1- 3 |  4- 6 |  7- 9 | 10-12 || total
-------------------------+-------+-------+-------+-------++-------
Melee: Hand axe          |    65 |   160 |    60 |    12 ||   297
       Broad axe         |       |       |   102 |       ||   102
       War axe           |       |       |    35 |   413 ||   448
 Fire: Blowgun           |       |       |       |    40 ||    40
Throw: Tomahawk          |       |       |       |     2 ||     2
Invok: Berserk           |     5 |     9 |     7 |    18 ||    39
       Trog's Hand       |       |     5 |     8 |    31 ||    44
 Abil: Evoke Flight      |       |       |       |     2 ||     2
Evoke: Wand              |       |     3 |     6 |     4 ||    13
  Use: Scroll            |       |     8 |     5 |     3 ||    16
       Potion            |       |     1 |     1 |     2 ||     4
 Stab: Paralysed         |       |     3 |       |     1 ||     4
       Invisible         |       |       |       |    12 ||    12
       Distracted        |       |       |       |     2 ||     2
  Eat: Chunk             |     2 |    13 |     8 |    21 ||    44
       Beef jerky        |       |     1 |     1 |       ||     2
       Meat ration       |       |       |     1 |     1 ||     2
       Fruit             |       |       |       |     4 ||     4
       Pizza             |       |       |       |     1 ||     1
